 Dungeon Crawl Stone Soup version 0.31.0-32-g396128a36d (webtiles) character file.

Game seed: 12361727879014413238

5742 Eitelfritz the Cleaver (level 10, -4/81 (86) HPs)
             Began as a Hill Orc Fighter on Mar 22, 2024.
             Was a High Priest of Okawaru.
             Slain by a soul eater (10 damage)
             ... summoned by an orc sorcerer
             ... on level 11 of the Dungeon.
             The game lasted 00:17:34 (7345 turns).

Eitelfritz the Cleaver (Hill Orc Fighter)           Turns: 7345, Time: 00:17:34

HP:   -4/81 (86)    AC: 14    Str: 24    XL:     10   Next: 77%
MP:   16/16         EV:  9    Int:  8    God:    Okawaru [*****.]
Gold: 345           SH: 10    Dex: 10    Spells: 9/9 levels left

rFire   . . .        a - +3 war axe (drain)
rCold   . . .        c - +0 buckler
rNeg    . . .        m - +0 chain mail
rPois   .            h - +0 helmet
rElec   .            C - +0 cloak
rCorr   .            E - +0 pair of gloves {Stlth+}
SInv    .            (no boots)
Will    .....        y - amulet of reflection Stlth
                     (no ring)
HPRegen 0.33/turn    (no ring)
MPRegen 0.15/turn

%: reflection
@: drained
A: no striking features
a: Renounce Religion, Convert to Beogh, Heroism, Finesse, Duel


You were on level 11 of the Dungeon.
You worshipped Okawaru.
Okawaru was extremely pleased with you.
You visited 2 branches of the dungeon, and saw 11 of its levels.
You also visited: Ossuary.

You collected 577 gold pieces.
You spent 232 gold pieces at shops.

Inventory:

Hand Weapons
 a - a +3 war axe of draining (weapon)
 b - a +0 sling of freezing
 F - a +0 morningstar
 L - a +0 war axe of protection
Missiles
 q - 2 javelins (quivered)
 s - 8 boomerangs
 u - 23 poisoned darts
 v - a throwing net
 I - a silver javelin
Armour
 c - a +0 buckler (worn)
 h - a +0 helmet (worn)
 m - a +0 chain mail (worn)
 C - a +0 cloak (worn)
 E - a +0 pair of gloves of stealth (worn)
Jewellery
 y - an amulet of reflection (around neck)
 B - a +6 ring of intelligence
 K - a ring of positive energy
Wands
 t - a wand of digging (8)
 D - a wand of flame (22)
 H - a wand of paralysis (13)
Scrolls
 i - 6 scrolls of teleportation
 l - a scroll of identify
 n - a scroll of fog
 J - a scroll of poison
Potions
 d - 2 potions of might
 e - 3 potions of cancellation
 f - 3 potions of heal wounds
 g - a potion of magic {unknown}
 j - 2 potions of haste {unknown}
 k - a potion of mutation {unknown}
 o - 6 potions of curing
 p - a potion of brilliance {unknown}
 r - a potion of enlightenment {unknown}
 w - 5 potions of invisibility
 x - 3 potions of lignification
 z - 3 potions of degeneration {unknown}
 A - a potion of resistance {unknown}
 G - a potion of attraction {unknown}


   Skills:
 + Level 7.5 Fighting
 + Level 12.4 Axes
 + Level 1.7 Ranged Weapons
 + Level 7.3 Armour
 + Level 3.3 Dodging
 + Level 0.3 Stealth
 + Level 7.0 Shields
 * Level 8.3 Invocations


You had 9 spell levels left.
You didn't know any spells.
Your spell library contained the following spells:

 Spells                   Type           Power      Damage    Failure   Level
 Frozen Ramparts          Ice            0%         1d1       100%        3
 Gell's Gravitas          Tloc           0%         N/A       100%        3
 Sigil of Binding         Hex            0%         N/A       100%        3
 Teleport Other           Tloc           0%         N/A       100%        3
 Brom's Barrelling Bould  Conj/Erth      0%         2d3       100%        4
 Dimensional Bullseye     Hex/Tloc       0%         N/A       100%        4
 Leda's Liquefaction      Alch/Erth      0%         N/A       100%        4
 Petrify                  Alch/Erth      0%         N/A       100%        4
 Fireball                 Conj/Fire      0%         3d3       100%        5
 Iskenderun's Battlesphe  Conj           0%         2d6       100%        5
 Metabolic Englaciation   Hex/Ice        0%         N/A       100%        5
 Conjure Ball Lightning   Conj/Air       0%         3x3d6     100%        6
 Dispersal                Tloc           0%         N/A       100%        6
 Orb of Destruction       Conj           0%         9d5       100%        7
 Call Canine Familiar     Summ           Unusable   N/A       N/A         3
 Summon Ice Beast         Ice/Summ       Unusable   N/A       N/A         3
 Summon Mana Viper        Hex/Summ       Unusable   N/A       N/A         5
 Monstrous Menagerie      Summ           Unusable   N/A       N/A         7

Dungeon Overview and Level Annotations

Branches:
Dungeon (11/15)            Temple (1/1) D:4         Ossuary (visited)
   Lair: D:8-11         Orc: D:9-12

Altars:
Ashenzari
Cheibriados
Dithmenos
Elyvilon
Fedhas
Hepliaklqana
Kikubaaqudgha
Makhleb
Nemelex Xobeh
Okawaru
Qazlal
Ru
Sif Muna
Trog
Uskayaw
Vehumet
Wu Jian
Xom
Yredelemnul
Zin
The Shining One

Shops:
D:7 ([[*

Annotations:
Temple 2 transporters


Message History

You slash the ogre zombie!
The ogre zombie is almost destroyed.
You slash the ogre zombie! The ogre zombie hits you.
You hit the ogre zombie but do no damage.
The ogre zombie is almost destroyed.
You slash the ogre zombie! You block the ogre zombie's attack.
You slash the ogre zombie!
You destroy the ogre zombie!
Okawaru accepts your kill.
You hit the ogre zombie.
The orc priest threatens, "By the altar or by the axe, you will meet Beogh!"
An orc skeleton comes into view.
An orc zombie comes into view.
You hit the ogre zombie.
The ogre zombie is lightly damaged.
You slash the ogre zombie!
You destroy the ogre zombie!
Okawaru accepts your kill.
A gnoll zombie comes into view.
The ogre zombie completely misses you. The orc sorcerer casts a spell at you.
The bolt of negative energy hits the soul eater.
The soul eater completely resists.
The bolt of negative energy hits the orc zombie.
The orc zombie completely resists.
The bolt of negative energy hits you!!!
You feel drained.
* * * LOW HITPOINT WARNING * * *
You hit the ogre zombie.
The ogre zombie is moderately damaged.
You slash the orc zombie!
You destroy the orc zombie!
Okawaru accepts your kill.
You slash the ogre zombie!
The ogre zombie is heavily damaged.
The ogre zombie barely misses you.
The orc priest shouts, "Join the one true god or die!"
You hit the ogre zombie.
The ogre zombie is severely damaged.
You hit the soul eater but do no damage.
The soul eater hits you!
You die...

.# .# ####### ##.#
#...... #..# #......
####.#####......
#....)..##......
#...<<..##.>....
#########.....†.##......
#..Z3o3@Zo..............
...ZZ#####Z............##
..8 #.Z.......##.### .
#...........#^..
#.......|#....#.
o...Z...##.#...#))..#.
.Z..Z8..##......)....#
Z...Z[....##)..#)##.##
..Z...#........#.##(#


You could see a soul eater (summoned), a neqoxec (summoned), an orc sorcerer, an
orc priest, 2 gnoll zombies, 2 orc zombies, an ogre zombie and an orc skeleton.

Vanquished Creatures
  A centaur warrior (D:11)
  3 yaks (D:11)
  A steam dragon (D:7)
  2 water moccasins (D:5)
  3 black bears
  2 orc warriors (D:6)
  An elephant zombie (D:6)
  A sky beast (D:6)
  3 ice beasts
  6 centaurs
  An elf zombie (D:6)
  A kobold brigand (D:6)
  Blork the orc (D:6)
  A weeping skull (Ossuary)
  3 bullfrogs (D:7)
  4 scorpions
  7 water moccasin zombies (Ossuary)
  A gnoll sergeant (D:6)
  7 wights
  A howler monkey (D:5)
  2 human zombies (D:6)
  2 orc priests
  A bombardier beetle (D:3)
  A spectral scorpion (Ossuary)
  2 sleepcaps
  3 gnoll boudas
  6 hounds
  A scorpion zombie (D:6)
  An iguana (D:7)
  10 orc wizards
  5 ogre zombies
  A crocodile zombie (Ossuary)
  4 hound zombies (D:6)
  2 mummies (Ossuary)
  3 howler monkey zombies (D:6)
  15 gnolls
  12 adders
  3 white imps
  2 ufetubi (D:6)
  2 adder zombies
  A dart slug (D:1)
  20 orcs
  5 bats
  8 endoplasms
  2 giant cockroaches
  15 goblins
  6 hobgoblins
  4 jackals (D:1)
  12 kobolds
  4 quokkas
  9 ball pythons
  8 frilled lizards
  10 gnoll zombies
  2 jackal zombies (Ossuary)
  2 orc skeletons (D:11)
  19 orc zombies
  4 rats
259 creatures vanquished.

Vanquished Creatures (others)
  An orc wizard (D:7)
  A killer bee zombie (D:6)
2 creatures vanquished.

Grand Total: 261 creatures vanquished

Notes
Turn   | Place    | Note
-------+----------+-------------------------------------------
     0 | D:1      | Eitelfritz the Hill Orc Fighter began the quest for the
                  | Orb.
     0 | D:1      | Reached XP level 1. HP: 19/19 MP: 1/1
    98 | D:1      | Reached XP level 2. HP: 25/27 MP: 2/2
   208 | D:1      | Reached skill level 3 in Axes
   309 | D:1      | Reached XP level 3. HP: 29/33 MP: 3/3
   835 | D:2      | Reached XP level 4. HP: 40/40 MP: 4/4
  1282 | D:2      | Reached skill level 4 in Axes
  1484 | D:3      | Reached skill level 1 in Dodging
  1491 | D:3      | Reached XP level 5. HP: 27/47 MP: 5/5
  1598 | D:3      | Found a snail-covered altar of Cheibriados.
  1684 | D:3      | Reached skill level 1 in Ranged Weapons
  2066 | D:3      | Reached skill level 5 in Axes
  2144 | D:3      | Reached XP level 6. HP: 53/53 MP: 6/6
  2326 | D:4      | Found an iron altar of Okawaru.
  2350 | D:4      | Became a worshipper of Warmaster Okawaru
  2484 | D:4      | Found a sand-covered staircase.
  2489 | Ossuary  | Entered an ossuary
  2609 | Ossuary  | Reached skill level 6 in Axes
  2612 | Ossuary  | Reached skill level 5 in Fighting
  2612 | Ossuary  | Reached XP level 7. HP: 60/61 MP: 7/7
  2641 | Ossuary  | Reached * piety under Okawaru
  2642 | Ossuary  | Reached skill level 5 in Armour
  2789 | Ossuary  | Reached skill level 7 in Axes
  2791 | Ossuary  | Reached skill level 1 in Invocations
  2926 | Ossuary  | Reached ** piety under Okawaru
  2927 | Ossuary  | Reached XP level 8. HP: 32/68 MP: 9/9
  3164 | D:4      | Found a staircase to the Ecumenical Temple.
  3177 | Temple   | Found a transporter.
  3177 | Temple   | Found a transporter.
  3177 | Temple   | Found a transporter.
  3177 | Temple   | Found a transporter.
  3177 | Temple   | Entered the Ecumenical Temple
  3676 | D:5      | Entered Level 5 of the Dungeon
  3712 | D:5      | Reached skill level 8 in Axes
  3981 | D:5      | Reached skill level 5 in Shields
  3997 | D:5      | Reached skill level 9 in Axes
  4128 | D:5      | Reached *** piety under Okawaru
  4129 | D:5      | Reached XP level 9. HP: 70/74 MP: 12/12
  4224 | D:5      | Found an ornate altar of the Wu Jian Council.
  4566 | D:5      | Reached skill level 5 in Invocations
  4758 | D:6      | Found a basalt altar of Yredelemnul.
  4790 | D:6      | Reached skill level 10 in Axes
  5013 | D:6      | Noticed Blork the orc
  5023 | D:6      | Killed Blork the orc
  5179 | D:6      | Reached **** piety under Okawaru
  5223 | D:6      | Found a blossoming altar of Fedhas.
  5366 | D:6      | Found a shimmering blue altar of Sif Muna.
  5941 | D:7      | Found Dosyjae's Antique Weapon Emporium.
  6015 | D:7      | Reached skill level 11 in Axes
  6015 | D:7      | Reached XP level 10. HP: 82/84 MP: 15/15
  6058 | D:7      | Found Byciju's Assorted Antiques.
  6119 | D:7      | Found a broken altar of Ashenzari.
  6412 | D:7      | Found a hide-covered altar of Uskayaw.
  6444 | D:7      | Found Ceyngo's Antique Armour Emporium.
  6741 | D:7      | Found a basalt altar of Yredelemnul.
  6747 | D:7      | Found Cuuvuit's Antique Armour Emporium.
  6762 | D:7      | Bought a pair of runed gloves for 232 gold pieces
  7062 | D:8      | You fall into a shaft and drop 3 floors!
  7070 | D:11     | Noticed a centaur warrior
  7085 | D:11     | Killed a centaur warrior
  7085 | D:11     | Reached ***** piety under Okawaru
  7085 | D:11     | Received a gift from Okawaru
  7086 | D:11     | Reached skill level 12 in Axes
  7159 | D:10     | Entered Level 10 of the Dungeon
  7311 | D:11     | Noticed an orc sorcerer
  7338 | D:11     | Noticed a soul eater
  7345 | D:11     | Slain by a soul eater

Illustrated notes

Levels and vault maps discovered:
D:1:      minmay_arrival_semitransparent, layout_loops_ring,
          hangedman_abyss_or_decor_stabs
D:2:      layout_basic, minmay_pentomino_p2
D:3:      layout_loops_ring, mainiacjoe_overflow_24_doors, minmay_box_of_dots
D:4:      layout_loops_ring, kennysheep_okawaru_gauntlet,
          minmay_temple_entry_wispy, enter_ossuary_2, serial_aquarium,
          aquarium_bridge_square [aquarium_subvault_wall,
          aquarium_subvault_bridge, aquarium_subvault_bridge,
          aquarium_subvault_wall], aquarium_bridge_long_joined
          [aquarium_subvault_wall, aquarium_subvault_window,
          aquarium_subvault_bridge, aquarium_subvault_bridge,
          aquarium_subvault_wall, aquarium_subvault_window], aquarium_window_2,
          aquarium_window_fake, aquarium_view_2d, aquarium_view_2a,
          aquarium_balcony_1b
D:5:      layout_gridville, general_overflow_altar, minmay_statues_item,
          minmay_between
D:6:      layout_rooms, fedhas_altar_2, kennysheep_orc_sif_temple,
          roadster_capsule_ark_zombie, uniq_blork_the_orc
D:7:      layout_loops_ring, nicolae_overflow_crystal_walls,
          mainiacjoe_overflow_small_starburst,
          mainiacjoe_overflow_concentric_impassable, serial_shops, shop, shop,
          shop, shop_coins
D:8:      layout_cave_pools, kennysheep_little_box, serial_library,
          serial_library_hellmonk_octagon, serial_library_hellmonk_small_alcove,
          serial_library_hellmonk_recessed_alcove,
          serial_library_hellmonk_small_corner
D:10:     layout_cave_pools
D:11:     layout_loops_cross, dpeg_lair_monsters, zombieorc2_lemuel,
          led_xom_imps
Temple:   hellmonk_temple_divided_pantheon

Skill      XL: |  1  2  3  4  5  6  7  8  9 10 |
---------------+-------------------------------+-----
Axes           | 3 4 5 6 7 9 11 12 | 12.4
Fighting       | 4 5 6 7 |  7.5
Dodging        | 1 2 3 |  3.3
Ranged Weapons | 1 |  1.7
Armour         | 4 5 6 7 |  7.3
Shields        | 4 5 6 7 |  7.0
Invocations    | 1 4 6 8 |  8.3
Stealth        | |  0.3

Action                     |  1- 3 |  4- 6 |  7- 9 | 10-12 || total
---------------------------+-------+-------+-------+-------++-------
  Melee: War axe           |    92 |   154 |   371 |   154 ||   771
   Fire: Sling             |       |    27 |       |       ||    27
    Use: Scroll            |       |       |    16 |     1 ||    17
 Armour: Scale mail        |    72 |   124 |   279 |    38 ||   513
         Chain mail        |       |       |       |    95 ||    95
  Dodge: Dodged            |    47 |    75 |   178 |    60 ||   360
  Block: Buckler           |    24 |    43 |   188 |    87 ||   342
         Reflection        |       |       |     7 |     4 ||    11
